 Dungeon Crawl Stone Soup version 0.28-a0-1638-g9123634e07 (webtiles) character file.

Game seed: 2639512816964719711

2600 Ajdolov the Cleaver (level 9, -11/79 HPs)
             Began as a Hill Orc Fighter on Jan 26, 2022.
             Was a Follower of Qazlal.
             Mangled by a two-headed ogre (19 damage)
             ... on level 7 of the Dungeon.
             The game lasted 00:16:33 (8907 turns).

Ajdolov the Cleaver (Hill Orc Fighter)              Turns: 8907, Time: 00:16:33

Health: -11/79     AC: 12    Str: 23    XL:     9   Next: 59%
Magic:  14/14      EV:  7    Int:  8    God:    Qazlal [*.....]
Gold:   203        SH:  7    Dex: 10    Spells: 8/8 levels left

rFire   . . .      SeeInvis .   q - +5 war axe "Dixzy" {vorpal, Will+++}
rCold   . . .      Faith    .   c - +0 buckler
rNeg    . . .      Spirit   .   t - +0 chain mail
rPois   .          Reflect  .   k - +0 helmet
rElec   .          Harm     .   s - +0 cloak
rCorr   .          Rampage  .   (no gloves)
Will    +++..                   r - +0 pair of boots
Stlth   ..........              (no amulet)
HPRegen 0.23/turn               (no ring)
MPRegen 0.14/turn               (no ring)

@: no status effects
A: no striking features
a: Renounce Religion


You were on level 7 of the Dungeon.
You worshipped Qazlal.
Qazlal was aware of your devotion.
You visited 2 branches of the dungeon, and saw 8 of its levels.

You collected 253 gold pieces.
You spent 50 gold pieces at shops.

Inventory:

Hand Weapons
 q - the +5 war axe "Dixzy" (weapon) {vorpal, Will+++}
   (You found it on level 5 of the Dungeon)

   It inflicts extra damage upon your enemies.
   Will:      It greatly increases your willpower.
Missiles
 g - 2 atropa-tipped darts (quivered)
Armour
 c - a +0 buckler (worn)
 k - a +0 helmet (worn)
 r - a +0 pair of boots (worn)
 s - a +0 cloak (worn)
 t - a +0 chain mail (worn)
Jewellery
 u - an amulet of faith
Wands
 v - a wand of iceblast (8)
Scrolls
 d - a scroll of vulnerability {unknown}
 e - 6 scrolls of teleportation {unknown}
 f - a scroll of immolation {unknown}
 h - 7 scrolls of identify {unknown}
 l - 2 scrolls of enchant weapon {unknown}
 m - a scroll of blinking {unknown}
 p - 3 scrolls of enchant armour {unknown}
Potions
 a - a potion of berserk rage {unknown}
 b - a potion of haste {unknown}
 i - a potion of ambrosia {unknown}
 j - 4 potions of degeneration {unknown}
 n - a potion of magic {unknown}


   Skills:
 - Level 7.0 Fighting
 * Level 12.2 Axes
 - Level 3.2 Armour
 - Level 5.6 Shields
 * Level 7.4 Invocations


You had 8 spell levels left.
You didn't know any spells.
Your spell library contained the following spells:

 Spells                   Type           Power      Damage    Failure   Level
 Sublimation of Blood     Necr           0%         N/A       100%        2
 Wereblood                Tmut           0%         N/A       100%        2
 Summon Hydra             Summ           0%         N/A       100%        7


Dungeon Overview and Level Annotations

Branches:
Dungeon (7/15)             Temple (1/1) D:4

Altars:
Qazlal
Wu Jian

Shops:
D:3 !


Message History

There is an open door here.
You see here a +0 mace.
You hear the creaking of a very distant portcullis.
You see here an atropa-tipped dart.
You see here 2 atropa-tipped darts.
You see here an atropa-tipped dart.
Things that are here:
a +0 dagger; a +0 robe; an orc corpse
There is an open door here.
Things that are here:
a +0 flail; a +0 leather armour
There is an open door here.
You see here a +0 mace.
You see here an atropa-tipped dart.
You see here 2 atropa-tipped darts.
You see here an atropa-tipped dart.
Things that are here:
a +0 dagger; a +0 robe; an orc corpse
There is an open door here.
Things that are here:
a +0 flail; a +0 leather armour
There is an open door here.
You see here a +0 mace.
You hear the steady creaking of a very distant portcullis.
There are no items here.
You see here an atropa-tipped dart.
You see here 2 atropa-tipped darts.
You see here an atropa-tipped dart.
Things that are here:
a +0 dagger; a +0 robe; an orc corpse
There is an open door here.
Things that are here:
a +0 flail; a +0 leather armour
There is an open door here.
Okay, then.
You see here a +0 mace.
The two-headed ogre hits you with a +0 giant club!!
* * * LOW HITPOINT WARNING * * *
The two-headed ogre hits you with a +0 giant club!!
You die...

###[##..### #
......... . ##.##..#
.# ##...#..# .#
.####..>..((####.#
.........#.......##.#
######(######......#
#)# #.###### #.# #@#
##)## #O# ##.).## #.#
##.....## #.####
##.......###.##.##
#.........##)#...##
.'.........'.).....#
###.........##)#...##
##.......###.##.##


You could see a two-headed ogre.

Vanquished Creatures
  Pikel (D:6)
  Prince Ribbit (D:6)
  Grinder (D:3)
  Menkaure (D:4)
  An orc warrior (D:6)
  A sky beast (D:3)
  4 ogres
  A necrophage (D:6)
  4 lemures (D:6)
  A bullfrog (D:3)
  2 scorpions (D:3)
  A gnoll sergeant (D:4)
  2 water moccasin skeletons
  A water moccasin zombie (D:6)
  A bullfrog zombie (D:5)
  A centaur zombie (D:6)
  3 orc priests
  Crazy Yiuf (D:6)
  A centaur skeleton (D:6)
  3 hounds
  3 iguanas
  7 orc wizards
  Robin (D:3)
  4 gnolls
  A howler monkey skeleton (D:6)
  8 adders
  A white imp (D:6)
  2 worms
  4 dart slugs
  25 orcs
  5 ball pythons
  11 endoplasms
  3 giant cockroaches
  11 goblins
  8 hobgoblins
  4 jackals (D:1)
  7 kobolds
  4 quokkas
  7 bats
  5 frilled lizards
  10 rats
163 creatures vanquished.

Vanquished Creatures (others)
  3 fungi (D:6)
  5 plants
8 creatures vanquished.

Grand Total: 171 creatures vanquished

Notes
Turn   | Place    | Note
-------+----------+-------------------------------------------
     0 | D:1      | Ajdolov the Hill Orc Fighter began the quest for the Orb.
     0 | D:1      | Reached XP level 1. HP: 19/19 MP: 1/1
   162 | D:1      | Reached skill level 3 in Axes
   247 | D:1      | Reached XP level 2. HP: 11/27 MP: 2/2
   645 | D:1      | Reached skill level 4 in Axes
   645 | D:1      | Reached XP level 3. HP: 20/33 MP: 3/3
  1708 | D:2      | Reached XP level 4. HP: 41/41 MP: 4/4
  1878 | D:2      | Reached skill level 5 in Axes
  2771 | D:3      | Noticed Robin
  3088 | D:3      | Killed Robin
  3089 | D:3      | Reached XP level 5. HP: 18/47 MP: 5/5
  3333 | D:3      | Found Tiom's Distillery.
  3336 | D:3      | Bought a potion of heal wounds for 50 gold pieces
  3350 | D:3      | Noticed a sky beast
  3374 | D:3      | Reached skill level 6 in Axes
  3379 | D:3      | Killed a sky beast
  3380 | D:3      | Reached skill level 5 in Fighting
  3380 | D:3      | Reached XP level 6. HP: 29/56 MP: 6/6
  3643 | D:3      | Identified the +9 whip of Wyegyem {freeze, rElec rN+++
                  | Str-2 Dex+2}
  3763 | D:3      | Reached skill level 7 in Axes
  4147 | D:4      | Noticed Grinder
  4150 | D:4      | Noticed Menkaure
  4200 | D:3      | Reached XP level 7. HP: 10/62 MP: 7/7
  4475 | D:3      | Paralysed by Grinder for 7 turns
  4478 | D:3      | HP: 3/62 [Grinder (2)]
  4489 | D:3      | Killed Grinder
  4490 | D:3      | Reached skill level 8 in Axes
  4976 | D:4      | Killed Menkaure
  4977 | D:4      | Reached skill level 5 in Shields
  5082 | D:4      | Reached XP level 8. HP: 35/71 MP: 8/8
  5286 | D:4      | Reached skill level 9 in Axes
  5790 | D:4      | HP: 3/71 [gnoll sergeant (4)]
  6165 | D:4      | Found a staircase to the Ecumenical Temple.
  6174 | Temple   | Entered the Ecumenical Temple
  6197 | Temple   | Became a worshipper of Qazlal Stormbringer
  6496 | D:5      | Entered Level 5 of the Dungeon
  6513 | D:5      | Identified the +5 war axe "Dixzy" {vorpal, Will+++}
  6596 | D:5      | Reached skill level 10 in Axes
  6596 | D:5      | Reached skill level 1 in Invocations
  7272 | D:6      | Found a runed translucent door.
  7273 | D:6      | Noticed Crazy Yiuf
  7316 | D:6      | Killed Crazy Yiuf
  7558 | D:6      | Reached XP level 9. HP: 79/79 MP: 12/12
  7558 | D:6      | Reached * piety under Qazlal
  7637 | D:6      | Reached skill level 11 in Axes
  7638 | D:6      | Reached skill level 5 in Invocations
  7883 | D:6      | Noticed Prince Ribbit
  7895 | D:6      | Killed Prince Ribbit
  8110 | D:6      | Noticed Pikel
  8120 | D:6      | Killed Pikel
  8121 | D:6      | Reached skill level 12 in Axes
  8725 | D:7      | Noticed a two-headed ogre
  8800 | D:7      | HP: 3/79 [two-headed ogre (17)]
  8907 | D:7      | Mangled by a two-headed ogre

Illustrated notes

Levels and vault maps discovered:
D:1:      dpeg_arrival_rooms_with_view, layout_loops_corners, serial_forest,
          infiniplex_forest_clump_long, infiniplex_forest_clump_cross,
          infiniplex_forest_clump_tiny, infiniplex_forest_clump_small,
          infiniplex_forest_straight_2, infiniplex_forest_straight_5,
          infiniplex_forest_lined_room_3, infiniplex_forest_end_2,
          hangedman_glass_teeth, minmay_tripent
D:2:      layout_loops_corners, chequers_avenue
D:3:      layout_rooms, serial_shops, shop, chequers_big_river, uniq_robin
D:4:      layout_rooms, minmay_temple_entry_butterflies, uniq_menkaure,
          uniq_grinder
D:5:      layout_cave_pools
D:6:      layout_basic, minmay_door_square, st_stairs_4, grunt_decor_junction,
          minmay_liquid_box, uniq_crazy_yiuf_cottage, uniq_pikel,
          uniq_prince_ribbit1
D:7:      layout_loops_corners, enter_bailey_3, serial_shops, nicolae_shop_trees
Temple:   mainiacjoe_temple_archimedes_tessellation

Skill      XL: |  1  2  3  4  5  6  7  8  9 |
---------------+----------------------------+-----
Axes           | 3 4 5 6 7 8 10 12 | 12.2
Fighting       | 4 5 6 7 |  7.0
Shields        | 4 5 |  5.6
Invocations    | 4 7 |  7.4
Armour         | |  3.2

Action                   |  1- 3 |  4- 6 |  7- 9 || total
-------------------------+-------+-------+-------++-------
Melee: War axe           |   133 |   137 |   248 ||   518
Throw: Dart              |       |       |    17 ||    17
       Throwing net      |       |       |     1 ||     1
Evoke: Wand              |       |       |     1 ||     1
  Use: Potion            |       |     1 |     2 ||     3
 Stab: Invisible         |       |       |     2 ||     2
       Held in net/web   |       |       |     2 ||     2
Armor: Scale mail        |    66 |    70 |    55 ||   191
       Chain mail        |       |       |    50 ||    50
Dodge: Dodged            |    59 |    79 |    75 ||   213
Block: Buckler           |    28 |    27 |    47 ||   102

Table legend: (Time is in decaauts)
 A = Elapsed time spent in this place.
 B = Non-inter-level travel time spent in this place.
 C = Inter-level travel time spent in this place.
 D = Time resting spent in this place.
 E = Time spent auto-exploring this place.
 F = Levels seen in this place.
 G = Mean time per level.
                   A        B        C        D        E       F      G
               +--------+--------+--------+--------+--------+-----+--------+
         Total |   9014 |   8744 |    270 |   1531 |   5629 |   8 | 1126.8 |
       Dungeon |   8967 |   8719 |    248 |   1531 |   5616 |   7 | 1281.0 |
        Temple |     46 |     24 |     22 |      0 |     13 |   1 |   46.0 |
               +--------+--------+--------+--------+--------+-----+--------+

Top non-repeatable levels by time:
     D:3: 1924 daAuts
     D:2: 1603 daAuts
     D:1: 1524 daAuts
     D:4: 1507 daAuts
     D:6: 1378 daAuts
     D:5: 755 daAuts
     D:7: 274 daAuts
  Temple: 46 daAuts
